Map: Vaani Research Station (Void)

Players

Neeb - Winner!

  • Race: Protoss Protoss
  • Spawn Location: 12:00

MajOr (SpeCial)

  • Race: Terran Terran
  • Spawn Location: 6:00

Event: WESG 2016 Finals

VOD

Have the link to the VOD?

Description

Time

  • Played on: Jan. 13, 2017, 3:05 a.m.
  • Length: 11:51

All games in this series

Show
View Real Time Build Order
Export as new Build Order

Neeb Protoss - Winner!

Build Orders: 1 Gate Expand, Oracle Opening 

Get SALT Encoding   

  12  0:01  Probe (Chrono Boost)  
  13  0:11  Probe (Chrono Boost)  
  14  0:19  Pylon  
  14  0:22  Probe (Chrono Boost)  
  15  0:37  Probe (Chrono Boost), Gateway  
  16  0:47  Probe (Chrono Boost)  
  16  0:49  Assimilator  
  17  0:58  Probe (Chrono Boost)  
  18  1:09  Probe (Chrono Boost)  
  19  1:19  Nexus  
  19  1:22  Probe (Chrono Boost)  
  20  1:32  Cybernetics Core  
  20  1:36  Probe (Chrono Boost)  
  21  1:40  Assimilator  
  21  1:46  Probe (Chrono Boost)  
  22  1:50  Pylon  
  22  1:57  Probe (Chrono Boost)  
  23  2:05  Adept  
  23  2:09  Warp Gate  
  23  2:10  Probe (Chrono Boost)  
  26  2:22  Probe (Chrono Boost)  
  27  2:31  Probe (Chrono Boost)  
  27  2:34  Probe (Chrono Boost)  
  29  2:38  Stargate  
  29  2:42  Probe (Chrono Boost)  
  30  2:45  Probe (Chrono Boost)  
  30  2:47  Adept  
  33  2:52  Probe (Chrono Boost)  
  33  2:56  Probe (Chrono Boost)  
  35  3:03  Probe (Chrono Boost)  
  36  3:06  Probe (Chrono Boost)  
  37  3:13  Probe (Chrono Boost), Pylon  
  37  3:14  Adept  
  37  3:16  Oracle  
  37  3:18  Probe (Chrono Boost)  
  41  3:24  Probe (Chrono Boost)  
  45  3:30  Probe (Chrono Boost)  
  45  3:33  Gateway  
  46  3:34  Probe (Chrono Boost)  
  46  3:36  Gateway  
  48  3:41  Pylon  
  48  3:42  Probe (Chrono Boost)  
  48  3:45  Probe (Chrono Boost)  
  48  3:48  Assimilator  
  49  3:52  Pylon  
  51  3:56  Probe (Chrono Boost), Mothership Core (Chrono Boost)  
  51  4:01  Phoenix  
  52  4:06  Probe (Chrono Boost)  
  55  4:14  Stalker  
  55  4:15  Probe (Chrono Boost)  
  55  4:17  Probe (Chrono Boost)  
  59  4:23  Phoenix  
  58  4:27  Probe (Chrono Boost)  
  58  4:30  Probe (Chrono Boost)  
  63  4:39  Probe (Chrono Boost)  
  63  4:41  Probe (Chrono Boost)  
  63  4:43  Assimilator  
  63  4:45  Robotics Facility, Phoenix  
  64  4:47  Pylon  
  64  4:51  Probe (Chrono Boost)  
  64  4:52  Probe (Chrono Boost)  
  68  4:58  Nexus  
  68  5:02  Probe (Chrono Boost)  
  68  5:04  Probe (Chrono Boost)  
  68  5:06  Phoenix  
  70  5:12  Twilight Council  
  70  5:13  Probe (Chrono Boost)  
  70  5:14  Forge  
  73  5:17  Probe (Chrono Boost)  
  74  5:22  Pylon  
  74  5:23  Sentry, Probe (Chrono Boost)  
  77  5:33  Probe (Chrono Boost)  
  77  5:35  Protoss Ground Weapons Level 1  
  78  5:38  Resonating Glaives, Pylon, Phoenix  
  78  5:40  Probe (Chrono Boost), Observer  
  82  5:44  Gateway  
  82  5:46  Gateway  
  79  5:53  Gateway  
  79  5:55  Probe (Chrono Boost)  
  79  5:56  Probe (Chrono Boost)  
  81  6:01  Pylon  
  81  6:02  Sentry  
  81  6:03  Adept  
  85  6:08  Probe x2 (Chrono Boost)  
  85  6:10  Probe (Chrono Boost)  
  88  6:11  Adept  
  88  6:13  Observer  
  91  6:25  Gateway  
  91  6:26  Adept x2  
  91  6:28  Gateway  
  91  6:32  Adept  
  93  6:37  Immortal  
  93  6:38  Probe (Chrono Boost)  
  98  6:40  Pylon  
  98  6:43  Pylon  
  98  6:44  Adept  
  98  6:45  Adept  
  102  6:48  Adept x2  
  102  7:04  Adept  
  102  7:07  Probe x2 (Chrono Boost)  
  101  7:09  Adept x2  
  101  7:10  Adept x2  
  101  7:11  Probe (Chrono Boost)  
  101  7:14  Blink  
  101  7:15  Protoss Ground Armor Level 1  
  103  7:19  Probe x2 (Chrono Boost)  
  103  7:22  Probe (Chrono Boost)  
  104  7:26  Pylon  
  104  7:27  Immortal  
  110  7:31  Assimilator, Probe x2 (Chrono Boost)  
  110  7:32  Assimilator  
  110  7:38  Forge  
  110  7:39  Sentry  
  110  7:40  Probe (Chrono Boost)  
  113  7:46  Stalker x2  
  116  7:53  Probe x2 (Chrono Boost)  
  116  7:56  Photon Cannon  
  116  7:57  Stalker x2  
  120  8:01  Probe (Chrono Boost)  
  121  8:14  Sentry, Protoss Ground Weapons Level 2  
  121  8:17  Probe (Chrono Boost)  
  121  8:18  Nexus  
  122  8:21  Observer  
  122  8:23  Stalker x5  
  122  8:27  Probe x2 (Chrono Boost)  
  133  8:39  Probe (Chrono Boost), Adept  
  134  8:41  Warp Prism  
  134  8:45  Adept x2  
  134  8:47  Pylon  
  140  8:49  Pylon  
  140  8:51  Probe (Chrono Boost)  
  140  8:52  Protoss Ground Armor Level 2, Pylon  
  141  8:58  Pylon  
  141  8:59  Pylon  
  139  9:16  Stalker x6  
  153  9:28  Assimilator  
  153  9:29  Immortal  
  155  9:32  Assimilator  
  155  9:34  Stalker x2  
  159  9:48  Adept  
  159  9:49  Adept x4  
  163  9:56  Robotics Facility, Robotics Bay  
  163  10:04  Dark Shrine  
  163  10:09  Adept x2  
  163  10:10  Adept x4  
  162  10:19  Adept  
  162  10:20  Adept x5  
  162  10:21  Stalker x2  
  172  10:26  Probe (Chrono Boost)  
  172  10:27  Probe (Chrono Boost)  
  162  10:40  Colossus  
  160  10:44  Stalker x6  
  160  10:47  Colossus  
  184  11:04  Pylon  
  180  11:18  Stalker x4  
  180  11:22  Pylon  
Show
View Real Time Build Order
Export as new Build Order

MajOr Terran 

Build Orders: Reaper Expand, MMM Bio 

Get SALT Encoding   

  12  0:00  SCV  
  13  0:12  SCV  
  14  0:18  Supply Depot  
  14  0:25  SCV  
  15  0:29  Refinery  
  15  0:40  SCV  
  16  0:45  Barracks  
  16  0:52  SCV  
  18  1:04  SCV  
  18  1:16  SCV  
  19  1:32  Orbital Command  
  19  1:33  Reaper  
  20  1:44  Command Center  
  20  1:55  Factory  
  20  1:59  SCV  
  21  2:07  Barracks Reactor  
  21  2:10  Refinery  
  21  2:12  SCV  
  22  2:18  Supply Depot  
  22  2:24  SCV  
  23  2:39  SCV  
  23  2:43  Starport  
  23  2:44  Marine x2  
  23  2:48  Widow Mine  
  27  2:52  SCV  
  28  3:00  Orbital Command  
  28  3:04  Marine, SCV  
  30  3:05  Marine  
  31  3:16  SCV  
  31  3:17  Widow Mine  
  34  3:22  Viking  
  36  3:31  SCV x2  
  36  3:33  Marine x2  
  40  3:40  Supply Depot  
  40  3:43  SCV x2  
  42  3:50  Marine, Widow Mine  
  42  3:51  Marine, Barracks  
  42  3:55  Starport Tech Lab  
  46  4:02  SCV, Supply Depot  
  47  4:03  SCV  
  47  4:09  Marine x2  
  48  4:14  SCV  
  51  4:18  Barracks  
  51  4:20  SCV  
  51  4:26  SCV  
  51  4:27  Marine x2  
  54  4:31  Factory Tech Lab  
  54  4:32  SCV  
  54  4:35  Supply Depot  
  54  4:37  Engineering Bay  
  54  4:38  SCV  
  56  4:44  SCV  
  57  4:48  Marine x2  
  57  4:49  Marine, Stimpack  
  57  4:50  SCV  
  57  4:52  Starport Reactor  
  61  4:57  SCV  
  60  5:02  SCV  
  60  5:04  Terran Infantry Weapons Level 1  
  60  5:06  Marine x2, Factory Reactor  
  63  5:07  Refinery  
  63  5:09  Supply Depot  
  63  5:10  Marine  
  63  5:13  SCV  
  65  5:14  SCV  
  65  5:15  Supply Depot  
  66  5:23  Marine, Combat Shields  
  66  5:24  Marine x2  
  66  5:28  Marine  
  69  5:31  SCV x2  
  72  5:40  Marine, Supply Depot  
  72  5:41  Medivac x2  
  72  5:42  Marine x2  
  79  5:43  SCV x2  
  79  5:45  Widow Mine  
  79  5:46  Marine  
  79  5:48  Widow Mine  
  86  6:00  Supply Depot x2  
  86  6:01  Marine x3  
  86  6:04  Marine  
  90  6:11  Medivac x2  
  92  6:16  Widow Mine  
  94  6:21  Marine x3, Widow Mine  
  99  6:30  Liberator x2  
  99  6:31  Marine  
  100  6:33  SCV x2  
  100  6:37  Refinery, Supply Depot  
  100  6:39  Marine x2  
  104  6:42  Barracks x2, Command Center  
  110  6:54  Marine  
  110  6:57  Marine  
  110  7:00  Marine  
  101  7:10  Marine  
  101  7:12  Marine  
  101  7:13  SCV  
  101  7:14  SCV  
  101  7:15  Widow Mine x2  
  98  7:20  Marine  
  98  7:21  Marine  
  92  7:28  Marine, SCV x2  
  92  7:29  Medivac  
  64  7:30  Marine, Medivac, Terran Infantry Armor Level 1  
  95  7:32  Supply Depot x2  
  95  7:35  Barracks Tech Lab, Barracks Reactor  
  100  7:38  Marine  
  100  7:40  Marine, SCV x2  
  104  7:46  Marauder  
  104  7:48  Marauder  
  104  7:50  Widow Mine x2  
  112  7:52  SCV x2  
  112  7:56  Marine, Orbital Command  
  115  8:04  SCV x2  
  117  8:08  Marine, Marauder  
  120  8:16  SCV x2, Medivac x2  
  121  8:26  SCV  
  121  8:27  Marine  
  121  8:28  Marine x3, SCV x2  
  121  8:29  Liberator  
  121  8:30  Marauder x2, Liberator  
  125  8:38  SCV  
  125  8:40  SCV x2  
  125  8:41  Starport  
  133  8:50  SCV  
  133  8:52  SCV  
  133  8:53  SCV  
  136  9:02  SCV  
  137  9:05  Refinery, SCV x2  
  137  9:06  Refinery  
  137  9:07  Supply Depot  
  137  9:09  Marine  
  139  9:10  Marine x3, Marauder  
  139  9:11  Marauder  
  139  9:14  SCV  
  139  9:17  SCV  
  149  9:18  Supply Depot  
  149  9:19  Engineering Bay  
  149  9:20  Armory, Liberator  
  149  9:22  Liberator  
  149  9:29  SCV x3  
  152  9:31  Supply Depot  
  152  9:32  Command Center  
  155  9:41  SCV, Liberator x2  
  154  9:51  SCV x2  
  148  9:58  Supply Depot  
  148  9:59  Supply Depot  
  154  10:02  Marine, Marauder x3, Liberator  
  154  10:05  Liberator  
  154  10:06  Marine  
  162  10:07  Marine  
  162  10:12  Marine  
  164  10:21  Marine  
  164  10:23  Marauder x2, Liberator  
  164  10:27  Marine, Marauder  
  171  10:31  Marine  
  149  10:40  Medivac  
  148  10:45  Marauder x2  
  148  10:47  Marine x2  
  148  10:49  Marauder  
  154  10:52  Marine  
  154  10:55  Concussive Shells  
  151  11:02  Medivac  
  153  11:06  Marine, Marauder x2  
  153  11:10  Marauder  
  140  11:19  Medivac  
  142  11:30  Marine x3  
Tags
 
Add a new tag
Caveats
  • Supply blocks, unpowered buildings, or Contaminate may cause inaccurate times.
  • Supply counts are checked every 10 seconds.